 Seeded DCSS version 0.31-a0-45-g5f0c076935 (webtiles) character file.

Game seed: 6351066067085065685 (custom seed)

774 Esekla the Covert (level 7, -4/49 HPs)
             Began as an Octopode Delver on May 22, 2023.
             Was an Initiate of Gozag.
             Slain by an ogre
             ... wielding a +0 giant club
              (19 damage)
             ... on level 5 of the Dungeon.
             The game lasted 00:18:43 (4117 turns).

Esekla the Covert (Octopode Delver)                 Turns: 4117, Time: 00:18:44

Health: -4/49      AC:  1    Str: 11    XL:     7   Next: 84%
Magic:  10/10      EV: 14    Int: 15    God:    Gozag
Gold:   739        SH:  0    Dex: 13    Spells: 11/11 levels left

rFire   . . .        s - +2 dagger (vamp)
rCold   . . .        (no shield)
rNeg    . . .        (helmet restricted)
rPois   .            h - amulet of magic regeneration
rElec   .            (no ring)
rCorr   .            (no ring)
SInv    .            (no ring)
Will    .....        (no ring)
Stlth   +++++        (no ring)
HPRegen 0.28/turn    (no ring)
MPRegen 0.52/turn    (no ring)
                     (no ring)

%: no passive effects
@: no status effects
A: almost no armour, amphibious, 8 rings, camouflage 1, gelatinous body 1,
(nimble swimmer 1), tentacles
a: Renounce Religion, Potion Petition, Call Merchant, Bribe Branch


You were on level 5 of the Dungeon.
You worshipped Gozag.
Gozag was pleased with you.
You visited 2 branches of the dungeon, and saw 7 of its levels.

You collected 779 gold pieces.
You paid 40 gold pieces to Gozag.

Inventory:

Hand Weapons
 a - the +5 rapier of the Hero {heavy, rN+ Dex+3}
   (You found it on level 3 of the Dungeon)

   Dex:       It affects your dexterity (+3).
   rN:        It protects you from negative energy.
 c - a +0 falchion
 r - a +0 trident
 s - a +2 vampiric dagger (weapon)
Missiles
 k - 17 poisoned darts (quivered)
 C - a throwing net
Jewellery
 h - an amulet of magic regeneration (around mantle)
Wands
 f - a wand of digging (3)
 j - a wand of flame (15)
 o - a wand of roots (16)
Scrolls
 b - 3 scrolls of fog
 d - 4 scrolls of fear
 l - a scroll of immolation {unknown}
 n - a scroll of blinking {unknown}
 p - 3 scrolls of enchant weapon {unknown}
 q - 2 scrolls of magic mapping
 t - 4 scrolls of identify {unknown}
 w - a scroll of amnesia {unknown}
 x - a scroll of enchant armour {unknown}
 y - a scroll of summoning {unknown}
 B - a scroll of silence {unknown}
Potions
 e - 2 potions of haste
 g - a potion of lignification {unknown}
 i - 3 potions of brilliance {unknown}
 m - 3 potions of attraction {unknown}
 u - a potion of ambrosia {unknown}
 v - a potion of heal wounds {unknown}
 z - a potion of mutation {unknown}
 A - 5 potions of curing {unknown}


   Skills:
 * Level 4.7 Fighting
 + Level 1.9(3.2) Short Blades
 * Level 3.9(4.1) Long Blades
 + Level 0.2 Throwing
 * Level 3.5 Dodging
 + Level 9.2 Stealth
 * Level 2.6 Spellcasting


You had 11 spell levels left.
You didn't know any spells.
Your spell library contained the following spells:

 Spells                   Type           Power      Damage    Failure   Level
 Lesser Beckoning         Tloc           2%         N/A       32%         2
 Gell's Gravitas          Tloc           1%         N/A       54%         3
 Spider Form              Tmut/Pois      1%         N/A       54%         3
 Teleport Other           Tloc           1%         N/A       54%         3
 Cause Fear               Hex            0%         N/A       91%         4
 Summon Mana Viper        Hex/Summ       1%         N/A       99%         5


Dungeon Overview and Level Annotations

Branches:
Dungeon (6/15)             Temple (1/1) D:6

Altars:
Cheibriados
Dithmenos
Gozag
Hepliaklqana
Okawaru
Qazlal
Trog
Vehumet
Wu Jian
Xom
Zin
The Shining One

Shops:
D:2 =   D:4 (


Innate Abilities, Weirdness & Mutations

You cannot wear most types of armour.
You are amphibious.
You can wear up to eight rings at the same time.
Your skin changes colour to match your surroundings (Stealth+).
Your rubbery body absorbs attacks. (AC +1, EV +1)
((You are camouflaged when in or above water. (Stealth+)))
You have tentacles for arms and can constrict up to eight enemies at once.


Message History

You see here 15 gold pieces.
You now have 730 gold pieces (gained 15).
You see here a scroll of fog.
b - 3 scrolls of fog (gained 1)
A hound comes into view.
There is a stone staircase leading down here.
Found a bubbling blue potion.
The helpless hound fails to defend itself.
You spit the hound like a pig!!!
You feel better.
You kill the hound!
The helpless hound fails to defend itself.
You stick the hound like a pincushion!!!
You kill the hound!
You now have 735 gold pieces (gained 5).
Found a dagger.
You now have 739 gold pieces (gained 4).
A - 4 bubbling blue potions (gained 1) HP restored.
A - 5 bubbling blue potions (gained 1)
An ogre comes into view. It is wielding a +0 giant club.
The ogre shouts!
You hear a bark!
A hound comes into view.
The ogre hits you with a +0 giant club!!
Ouch! That really hurt!
You hit the ogre.
You feel better.
You squeeze the ogre.
The ogre is moderately wounded.
The ogre closely misses you.
You barely miss the ogre.
The ogre is moderately wounded.
You hit the ogre.
You feel better.
The ogre is moderately wounded.
The ogre hits you with a +0 giant club!
* * * LOW HITPOINT WARNING * * *
You barely miss the ogre.
The ogre is moderately wounded.
You hit the ogre. You squeeze the ogre.
The ogre is heavily wounded.
The ogre hits you with a +0 giant club!!
You die...
Your body crumbles into a pile of gold.

######### ###
......... ..#
.######## #.# ..#
#######.### #.###
#.........#
#...######.........#
#..........#####.#.#
#.#.######.# #.#
..#...# #.# #@#
#####.####.# #O#
..#......#.# #h.
..#..###.#.# ##..
.....# ...#### ...
.....###.......
....# ..#..>...#.#
#.#.# ........##.#
#.#.# ..#.###.##.#
#.#.#


You could see an ogre and a hound.

Vanquished Creatures
  A black bear (D:2)
  A kobold brigand (D:6)
  2 scorpions (D:5)
  A gnoll bouda (D:4)
  3 hounds
  A jelly (D:6)
  3 iguanas
  12 gnolls
  7 adders
  2 white imps
  A worm (D:4)
  3 dart slugs
  9 orcs
  4 bats
  4 endoplasms
  8 goblins
  5 hobgoblins
  A quokka (D:1)
  6 ball pythons
  4 frilled lizards
  7 kobolds
  A rat (D:2)
86 creatures vanquished.

Notes
Turn   | Place    | Note
-------+----------+-------------------------------------------
     0 | D:5      | Esekla the Octopode Delver began the quest for the Orb.
     0 | D:5      | Reached XP level 1. HP: 16/16 MP: 1/1
    26 | D:5      | Reached XP level 2. HP: 2/21 MP: 2/2
   147 | D:5      | Noticed a scorpion
   152 | D:5      | Killed a scorpion
   153 | D:5      | Reached skill level 7 in Stealth
   153 | D:5      | Reached skill level 1 in Spellcasting
   153 | D:5      | Reached XP level 3. HP: 13/26 MP: 2/4
   153 | D:5      | Reached XP level 4. HP: 16/31 MP: 2/5
   219 | D:5      | Noticed a scorpion
   235 | D:5      | Killed a scorpion
   236 | D:5      | Reached XP level 5. HP: 31/37 MP: 6/6
   307 | D:5      | Found a shadowy altar of Dithmenos.
   337 | D:5      | Got the Parchment of the Lumpy Olives
   530 | D:6      | Noticed a kobold brigand
   690 | D:6      | Killed a kobold brigand
   691 | D:6      | Reached skill level 8 in Stealth
   727 | D:6      | Reached XP level 6. HP: 41/43 MP: 8/8
   761 | D:6      | Found a staircase to the Ecumenical Temple.
   761 | D:6      | Noticed a sky beast
   877 | Temple   | Entered the Ecumenical Temple
   894 | Temple   | Became a worshipper of Gozag Ym Sagoz the Greedy
  1016 | D:6      | Noticed a black bear
  1268 | D:3      | Identified the +5 rapier of the Hero {heavy, rN+ Dex+3}
  1284 | D:2      | Found Renulab's Jewellery Shop.
  1981 | D:2      | Noticed a black bear
  1988 | D:2      | Killed a black bear
  2012 | D:2      | Reached skill level 1 in Short Blades
  2012 | D:2      | Reached XP level 7. HP: 28/48 MP: 10/10
  2021 | D:2      | Found a faded altar of an unknown god.
  2780 | D:3      | Found a stormy altar of Qazlal.
  2783 | D:3      | Found a hazy altar of Hepliaklqana.
  2783 | D:3      | Found a bloodstained altar of Trog.
  3023 | D:4      | Found a radiant altar of Vehumet.
  3035 | D:4      | Found a glowing golden altar of the Shining One.
  3162 | D:3      | Reached skill level 9 in Stealth
  3350 | D:4      | Found Ponaysk's Antique Weapon Boutique.
  3447 | D:4      | Found an iron altar of Okawaru.
  3933 | D:4      | Found a glowing silver altar of Zin.
  4117 | D:5      | Slain by an ogre

Illustrated notes

Levels and vault maps discovered:
D:1:      sevenhm_arrival_forest_fort_small_3, layout_rooms,
          chequers_serial_rivers_room_b, minmay_misc_feat_five
D:2:      layout_loops_ring, dreamdust_ecumenical_altar_angels_and_demons,
          serial_shops, shop
D:3:      layout_basic, grunt_temple_overflow_open, minmay_misc_feat_iff
D:4:      layout_basic, nicolae_overflow_quartered_altars, serial_shops,
          nicolae_diamond_shop
D:5:      layout_loops_ring, lemuel_doored_altar, minmay_misc_feat_rows,
          dreamdust_wishing_well
D:6:      layout_loops_cross, fedhas_altar_fruit_tree,
          minmay_temple_entry_glass, uniq_pikel, uniq_blork_the_orc
Temple:   compressed_dpeg_circular_temple

Skill      XL: |  1  2  3  4  5  6  7 |
---------------+----------------------+-----
Stealth        | 7 8 9 |  9.2
Spellcasting   | 1 2 |  2.6
Long Blades    | 3 |  3.9
Fighting       | 4 |  4.7
Dodging        | 3 |  3.5
Short Blades   | 1 |  1.9
Throwing       | |  0.2

Action                     |  1- 3 |  4- 6 |  7- 9 || total
---------------------------+-------+-------+-------++-------
  Melee: Falchion          |    10 |    23 |       ||    33
         Tentacles         |     2 |    11 |    19 ||    32
         Constrict         |     2 |     9 |    18 ||    29
         Dagger            |       |     7 |    31 ||    38
         Rapier            |       |    34 |    49 ||    83
         Punch             |       |       |     1 ||     1
  Throw: Dart              |       |     2 |     7 ||     9
   Stab: Sleeping          |     1 |    18 |     8 ||    27
         Distracted        |       |     1 |     4 ||     5
 Armour: Skin              |       |     1 |     1 ||     2
  Dodge: Dodged            |     5 |    29 |    58 ||    92

Table legend: (Time is in decaauts)
 A = Elapsed time spent in this place.
 B = Non-inter-level travel time spent in this place.
 C = Inter-level travel time spent in this place.
 D = Time resting spent in this place.
 E = Time spent auto-exploring this place.
 F = Levels seen in this place.
 G = Mean time per level.
                   A        B        C        D        E       F      G
               +--------+--------+--------+--------+--------+-----+--------+
         Total |   4169 |   4040 |    129 |    895 |    765 |   7 |  595.6 |
       Dungeon |   4134 |   4022 |    112 |    895 |    765 |   6 |  689.0 |
        Temple |     34 |     17 |     17 |      0 |      0 |   1 |   34.0 |
               +--------+--------+--------+--------+--------+-----+--------+

Top non-repeatable levels by time:
     D:3: 888 daAuts
     D:4: 852 daAuts
     D:2: 678 daAuts
     D:5: 623 daAuts
     D:1: 560 daAuts
     D:6: 531 daAuts
  Temple: 34 daAuts
